 Dungeon Crawl Stone Soup version 0.31.0-11-ge490571c62 (webtiles) character file.

Game seed: 14923618150744170973

2293 Iich the Magician (level 9, -2/57 HPs)
             Began as a Demonspawn Enchanter on Jan 23, 2024.
             Slain by Joseph
             ... wielding a +0 quarterstaff
              (10 damage)
             ... on level 7 of the Dungeon on Jan 29, 2024.
             The game lasted 00:23:57 (7844 turns).

Iich the Magician (Demonspawn Enchanter)            Turns: 7844, Time: 00:23:58

Health: -2/57      AC:  9    Str: 11    XL:     9   Next: 17%
Magic:  19/19      EV: 12    Int: 19    God:
Gold:   325        SH:  4    Dex: 15    Spells: 14/22 levels left

rFire   + . .        a - +1 dagger (spect)
rCold   + . .        (no shield)
rNeg    + + .        k - +2 robe {rN+}
rPois   .            j - +0 helmet
rElec   +            f - scarf of the Four Violins {repulsion, Fly rC+ rN+ Str+3}
rCorr   .            (no gloves)
SInv    +            (no boots)
Will    .....        p - amulet of magic regeneration
Stlth   +++          S - ring of see invisible
HPRegen 0.29/turn    F - ring of protection from fire
MPRegen 0.72/turn

%: repel missiles
@: flying
A: hooves 2, thin metallic scales 3, magic regeneration, condensation shield
a: no special abilities


You were on level 7 of the Dungeon.
You visited 1 branch of the dungeon, and saw 7 of its levels.

You collected 325 gold pieces.

Inventory:

Hand Weapons
 a - a +1 spectral dagger (weapon)
Missiles
 s - a throwing net
Armour
 f - the scarf of the Four Violins (worn) {repulsion, Fly rC+ rN+ Str+3}
   (You acquired it on level 4 of the Dungeon)

   Str+3:     It affects your strength (+3).
   rC+:       It protects you from cold.
   rN+:       It protects you from negative energy.
   Fly:       It grants you flight.
 j - a +0 helmet (worn)
 k - a +2 robe of positive energy (worn)
Jewellery
 i - a +6 ring of intelligence
 p - an amulet of magic regeneration (around neck)
 F - a ring of protection from fire (right hand)
 S - a ring of see invisible (left hand)
Wands
 t - a wand of acid (6)
 u - a wand of roots (4)
 D - a wand of digging (3)
Scrolls
 e - 2 scrolls of amnesia
 g - 2 scrolls of fear
 h - 2 scrolls of revelation
 m - a scroll of poison
 o - a scroll of noise
 q - a scroll of fog
 B - a scroll of blinking
Potions
 b - a potion of attraction {unknown}
 c - a potion of lignification {unknown}
 d - 2 potions of cancellation
 l - a potion of curing {unknown}
 n - a potion of mutation {unknown}
 r - a potion of heal wounds {unknown}


   Skills:
 * Level 6.6 Short Blades
 - Level 1.7 Dodging
 + Level 5.1 Stealth
 * Level 7.0 Spellcasting
 + Level 5.8 Hexes


You had 14 spell levels left.
You knew the following spells:

 Your Spells              Type           Power      Damage    Failure   Level
a - Ensorcelled Hibernat  Hex/Ice        34%        N/A       4%          2
b - Tukima's Dance        Hex            28%        N/A       2%          3
c - Confusing Touch       Hex            28%        N/A       2%          3

Your spell library contained the following spells:

 Spells                   Type           Power      Damage    Failure   Level
 Dazzling Flash           Conj/Hex       34%        N/A       9%          3
 Apportation              Tloc           12%        N/A       10%         1
 Necrotise                Necr           24%        1d5       10%         1
 Sting                    Conj/Alch      24%        1d4       10%         1
 Summon Small Mammal      Summ           24%        N/A       10%         1
 Stone Arrow              Conj/Erth      12%        3d7       30%         3
 Animate Armour           Summ/Erth      12%        N/A       69%         4
 Lehudib's Crystal Spear  Conj/Erth      3%         10d2      100%        8


Dungeon Overview and Level Annotations

Branches:
Dungeon (7/15)
 Temple: D:4-7

Altars:
Dithmenos
Fedhas
Kikubaaqudgha
Nemelex Xobeh
Qazlal
Trog
Xom
Yredelemnul

Shops:
D:2 (

Annotations:
D:7 Joseph


Innate Abilities, Weirdness & Mutations

You have hoof-like feet.
You are completely covered in thin metallic scales. (AC +4, rElec)
You regenerate magic rapidly.
A meltable shield of frost defends you. (SH +4)


Message History

You take 7 damage, and have 18/57 hp.
You hit Joseph but do no damage. You kick Joseph.
Joseph is lightly wounded.
You hit Joseph. Your kick misses Joseph.
Joseph is lightly wounded.
Joseph hits you but does no damage.
You completely miss Joseph. You kick Joseph.
Joseph is moderately wounded.
Joseph hits you but does no damage.
You barely miss Joseph.
Joseph is moderately wounded.
You barely miss Joseph. You kick Joseph.
Joseph is moderately wounded.
Joseph misses you.
You hit Joseph.
Joseph is moderately wounded.
Joseph sighs, "Being a guard is usually so boring..."
Joseph hits you with a +0 quarterstaff.
* * * LOW HITPOINT WARNING * * *
Your magical contamination has completely faded away.
You hit Joseph.
Joseph is moderately wounded.
You hit Joseph but do no damage. You kick Joseph, but do no damage.
You punch Joseph, but do no damage.
Joseph is moderately wounded.
Joseph hits you with a +0 quarterstaff!
* * * LOW HITPOINT WARNING * * *
You take 12 damage, and have 7/57 hp. !!!!--MASSIVE DAMAGE--!!!!
You hit Joseph but do no damage.
Joseph is moderately wounded.
Joseph closely misses you.
You hit Joseph but do no damage.
Joseph is moderately wounded.
You barely miss Joseph. Your kick misses Joseph.
Joseph is moderately wounded.
Joseph closely misses you.
You barely miss Joseph. Your kick misses Joseph.
Joseph is moderately wounded.
Joseph hits you with a +0 quarterstaff!
You die...

.#... .#..# # ...#
.# ... .. #.. #.
#.#
.♣h#..#.#.#######
...##.....Sh@@).#
...###.#######.#
#......# #.#
.#.#@...#######.###
........5.........#
........#######.#.#
##....#######.#.#
##.#.........#.# #
###########.###


You could see Joseph, a water moccasin and a black bear.

Vanquished Creatures
  Sigmund (D:2)
  A wyvern (D:7)
  A water moccasin (D:7)
  A sky beast (D:7)
  3 ice beasts
  2 black bears
  An ogre (D:5)
  2 centaurs
  A kobold brigand (D:6)
  3 killer bees (D:7)
  2 bombardier beetles (D:4)
  4 hounds
  6 jellies
  An orc priest (D:5)
  A gnoll bouda (D:5)
  A sleepcap (D:5)
  4 iguanas
  4 orc wizards (D:5)
  2 adders
  6 gnolls
  A white imp (D:7)
  A dart slug (D:3)
  2 ribbon worms
  12 orcs
  6 ball pythons
  12 endoplasms
  6 giant cockroaches
  4 goblins
  10 hobgoblins
  2 jackals (D:4)
  12 kobolds
  5 quokkas
  3 bats
  3 frilled lizards
  8 rats
134 creatures vanquished.

Vanquished Creatures (collateral kills)
  A gnoll bouda (D:6)
  3 gnolls
4 creatures vanquished.

Vanquished Creatures (others)
  5 dancing weapons
5 creatures vanquished.

Grand Total: 143 creatures vanquished

Notes
Turn   | Place    | Note
-------+----------+-------------------------------------------
     0 | D:1      | Iich the Demonspawn Enchanter began the quest for the Orb.
     0 | D:1      | Reached XP level 1. HP: 13/13 MP: 3/3
    12 | D:1      | Reached skill level 1 in Short Blades
   371 | D:1      | Gained mutation: You have large cloven feet. [demonic
                  | ancestry]
   371 | D:1      | Reached XP level 2. HP: 17/19 MP: 5/5
   418 | D:1      | Learned a level 2 spell: Ensorcelled Hibernation
   630 | D:2      | Noticed Sigmund
   701 | D:2      | Found Otroh's Weapon Shoppe.
  1226 | D:2      | Killed Sigmund
  1227 | D:2      | Reached skill level 3 in Spellcasting
  1227 | D:2      | Gained mutation: You are partially covered in thin metallic
                  | scales. (AC +2) [demonic ancestry]
  1227 | D:2      | Reached XP level 3. HP: 24/24 MP: 2/8
  1227 | D:2      | Gained mutation: You regenerate magic rapidly. [demonic
                  | ancestry]
  1227 | D:2      | Reached XP level 4. HP: 30/30 MP: 2/9
  1227 | D:2      | Gained mutation: You have hoof-like feet. [demonic
                  | ancestry]
  1227 | D:2      | Reached XP level 5. HP: 35/35 MP: 2/10
  1371 | D:2      | Upgraded the game from 0.31.0-7-gf635a9b802 to
                  | 0.31.0-9-g3a7656b989
  1576 | D:2      | Learned a level 3 spell: Tukima's Dance
  2715 | D:4      | Found a sparkling altar of Nemelex Xobeh.
  2766 | D:4      | Reached skill level 4 in Spellcasting
  2766 | D:4      | Gained mutation: You are mostly covered in thin metallic
                  | scales. (AC +3) [demonic ancestry]
  2766 | D:4      | Reached XP level 6. HP: 11/41 MP: 2/12
  2955 | D:4      | Found an ancient bone altar of Kikubaaqudgha.
  3192 | D:4      | Identified a scroll of acquirement
  3193 | D:4      | Acquired the scarf of the Four Violins {repulsion, Fly rC+
                  | rN+ Str+3}
  3520 | D:5      | Entered Level 5 of the Dungeon
  3847 | D:5      | Gained mutation: You are completely covered in thin
                  | metallic scales. (AC +4, rElec) [demonic ancestry]
  3847 | D:5      | Reached XP level 7. HP: 44/46 MP: 13/13
  3897 | D:5      | Found a basalt altar of Yredelemnul.
  4147 | D:5      | Reached skill level 5 in Spellcasting
  4540 | D:5      | Reached skill level 5 in Short Blades
  4748 | D:5      | Reached XP level 8. HP: 52/52 MP: 10/16
  5306 | D:6      | Reached skill level 5 in Hexes
  5401 | D:6      | Found a shadowy altar of Dithmenos.
  5401 | D:6      | Found a shimmering altar of Xom.
  5401 | D:6      | Found a stormy altar of Qazlal.
  5401 | D:6      | Found an ancient bone altar of Kikubaaqudgha.
  5401 | D:6      | Found a blossoming altar of Fedhas.
  5401 | D:6      | Found a bloodstained altar of Trog.
  5401 | D:6      | Noticed a slime creature
  5401 | D:6      | Noticed a slime creature
  5453 | D:6      | Learned a level 3 spell: Confusing Touch
  6630 | D:6      | Upgraded the game from 0.31.0-9-g3a7656b989 to
                  | 0.31.0-10-gcf4a605ca0
  6891 | D:6      | Reached skill level 6 in Spellcasting
  7153 | D:7      | Gained mutation: A meltable shield of frost defends you.
                  | (SH +4) [demonic ancestry]
  7153 | D:7      | Reached XP level 9. HP: 27/57 MP: 17/19
  7383 | D:7      | Reached skill level 5 in Stealth
  7584 | D:7      | Upgraded the game from 0.31.0-10-gcf4a605ca0 to
                  | 0.31.0-11-ge490571c62
  7709 | D:7      | Reached skill level 7 in Spellcasting
  7810 | D:7      | Noticed Joseph
  7844 | D:7      | Slain by Joseph

Illustrated notes

Levels and vault maps discovered:
D:1:      roderic_chinese_lattice_arrival, layout_rooms
D:2:      layout_basic, serial_shops, nicolae_diamond_shop, uniq_sigmund
D:3:      layout_basic, kennysheep_generic_room_12
D:4:      layout_basic, mainiacjoe_overflow_brackets,
          nemelex_diamond_rough_becter
D:5:      layout_basic, nicolae_overflow_crystal_walls
D:6:      cheibrodos_fertilizer, layout_loops_ring
D:7:      layout_loops_corners, minmay_temple_entry_junction, minmay_bent,
          uniq_joseph

Skill      XL: |  1  2  3  4  5  6  7  8  9 |
---------------+----------------------------+-----
Short Blades   | 1 3 4 5 6 |  6.6
Spellcasting   | 3 4 5 6 7 |  7.0
Hexes          | 4 5 |  5.8
Stealth        | 3 4 5 |  5.1
Dodging        | |  1.7

Action                     |  1- 3 |  4- 6 |  7- 9 || total
---------------------------+-------+-------+-------++-------
  Melee: Dagger            |    69 |   110 |   278 ||   457
         Punch             |     1 |     2 |     5 ||     8
         Kick              |    16 |    35 |   100 ||   151
   Cast: Ensorcelled Hiber |    12 |    59 |    76 ||   147
         Tukima's Dance    |       |     1 |    21 ||    22
         Confusing Touch   |       |       |     8 ||     8
  Evoke: Wand              |       |       |     3 ||     3
    Use: Scroll            |     1 |     5 |     7 ||    13
         Potion            |       |     1 |     2 ||     3
   Stab: Sleeping          |    12 |    30 |    31 ||    73
         Confused          |       |       |     1 ||     1
 Armour: Robe              |    22 |    56 |   208 ||   286
  Dodge: Dodged            |    40 |    61 |   192 ||   293
  Block: Other             |       |       |    10 ||    10
